| TOP OF THE 1ST |
|
Kingsport Mets batting - Pitching for Philadelphia (APP) Phillies : LHP Justin Harrison
|
|
Pitching: LHP Justin Harrison
|
|
|
Batting: RHB Michael Youngberry
|
0-0: Called Strike 0-1: Foul Ball, location: 2F 0-2: Ball 1-2: Ball 2-2: Foul Ball, location: 2F 2-2: Ball 3-2: Fly out, F9 (Flyball, 9, EV 96.2 MPH)
|
|
Batting: RHB Artyom Shavkunov
|
0-0: Called Strike 0-1: Foul Ball, location: 2F 0-2: Ball 1-2: Ball 2-2: Ball 3-2: Base on Balls
|
|
Batting: SHB Nick Daigle
|
0-0: Ball 1-0: Called Strike 1-1: Ball 2-1: SINGLE (Groundball, 56S, EV 93.8 MPH) Artyom Shavkunov to second
|
|
Batting: RHB Bill Crogan
|
0-0: Ball 1-0: Foul Ball, location: 2F 1-1: Called Strike 1-2: Strikes out swinging
|
|
Batting: RHB Sam Callahan
|
0-0: Ball 1-0: Ball 2-0: Called Strike 2-1: SINGLE (Groundball, 56D, EV 99.4 MPH) Artyom Shavkunov to third Nick Daigle to second
|
|
Batting: RHB Enrique Aguirre
|
0-0: Ball 1-0: Swinging Strike 1-1: Foul Ball, location: 2F 1-2: Ball 2-2: Foul Ball, location: 2F 2-2: Ball 3-2: Ground out 5-3 (Groundball, 56, EV 85.6 MPH)
|
| Top of the 1st over - 0 runs, 2 hits, 0 errors, 3 left on base; Kingsport 0 - Philadelphia (APP) 0 |
| BOTTOM OF THE 1ST |
|
Philadelphia (APP) Phillies batting - Pitching for Kingsport Mets : RHP Sandro Fibonacci
|
|
Pitching: RHP Sandro Fibonacci
|
|
|
Batting: LHB Jonathan Roman
|
0-0: Ball 1-0: Ball 2-0: Ball 3-0: Base on Balls
|
|
Batting: RHB Dave Gallegos
|
0-0: Grounds into double play, 4-6-3 (Groundball, 34, EV 81.9 MPH)
|
|
Batting: SHB Brett St. Clair
|
0-0: Ball 1-0: Ball 2-0: Ball 3-0: Base on Balls
|
|
Batting: LHB Travis Hahn
|
0-0: Foul Ball, location: 2F 0-1: Ball 1-1: Called Strike 1-2: Strikes out swinging
|
| Bottom of the 1st over - 0 runs, 0 hits, 0 errors, 1 left on base; Kingsport 0 - Philadelphia (APP) 0 |
| TOP OF THE 2ND |
|
Kingsport Mets batting - Pitching for Philadelphia (APP) Phillies : LHP Justin Harrison
|
|
Batting: RHB Chris Artz
|
0-0: Foul Ball, location: 2F 0-1: Swinging Strike 0-2: Ball 1-2: Strikes out swinging
|
|
Batting: SHB Adonis Jones
|
0-0: Swinging Strike 0-1: Ball 1-1: Foul Ball, location: 2F 1-2: Foul Ball, location: 2F 1-2: Ball 2-2: Foul Ball, location: 2F 2-2: Foul Ball, location: 2F 2-2: Foul Ball, location: 2F 2-2: Foul Ball, location: 2F 2-2: Ground out 6-3 (Groundball, 6, EV 85.6 MPH)
|
|
Batting: RHB Chris Graham
|
0-0: Ball 1-0: Foul Ball, location: 2F 1-1: Called Strike 1-2: SOLO HOME RUN (Flyball, 89XD, EV 108.1 MPH), Distance : 422 ft
|
|
Batting: RHB Michael Youngberry
|
0-0: Ball 1-0: Ball 2-0: Foul Ball, location: 2F 2-1: SINGLE (Groundball, 6MD, EV 101.2 MPH)
|
|
Batting: RHB Artyom Shavkunov
|
0-0: Called Strike Michael Youngberry steals 2nd base 0-1: Ball 1-1: Called Strike 1-2: Strikes out swinging
|
| Top of the 2nd over - 1 run, 2 hits, 0 errors, 1 left on base; Kingsport 1 - Philadelphia (APP) 0 |
| BOTTOM OF THE 2ND |
|
Philadelphia (APP) Phillies batting - Pitching for Kingsport Mets : RHP Sandro Fibonacci
|
|
Batting: RHB Juan Valadez
|
0-0: Called Strike 0-1: Ball 1-1: Ball 2-1: Ground out 4-3 (Groundball, 4S, EV 65.6 MPH)
|
|
Batting: RHB Zach Slot
|
0-0: Ball 1-0: Ground out 6-3 (Groundball, 6M, EV 95.0 MPH)
|
|
Batting: RHB Joel Gomez
|
0-0: Ball 1-0: Ball 2-0: Ball 3-0: Called Strike 3-1: Called Strike 3-2: Base on Balls
|
|
Batting: RHB Allen Deschamps
|
0-0: Ball Passed Ball! Joel Gomez to second 1-0: Swinging Strike 1-1: Ball 2-1: Ball 3-1: Base on Balls
|
|
Batting: RHB Miguel Vazquez
|
0-0: Ball 1-0: Called Strike 1-1: Ball 2-1: Ball Wild Pitch! Joel Gomez to third Allen Deschamps to second 3-1: Base on Balls
|
|
Batting: LHB Jonathan Roman
|
0-0: Called Strike 0-1: Ball 1-1: Foul Ball, location: 2F 1-2: Ball Wild Pitch! Joel Gomez scores Allen Deschamps to third Miguel Vazquez to second 2-2: Ball 3-2: Foul Ball, location: 2F 3-2: Fly out, F8 (Flyball, 8RD, EV 98.8 MPH)
|
| Bottom of the 2nd over - 1 run, 0 hits, 0 errors, 2 left on base; Kingsport 1 - Philadelphia (APP) 1 |
| TOP OF THE 3RD |
|
Kingsport Mets batting - Pitching for Philadelphia (APP) Phillies : LHP Justin Harrison
|
|
Pitching: LHP Marc Haigler
|
|
|
Batting: SHB Nick Daigle
|
0-0: Ball 1-0: Ball 2-0: Ball 3-0: Called Strike 3-1: Foul Ball, location: 2F 3-2: Base on Balls
|
|
Batting: RHB Bill Crogan
|
Pickoff Throw to First - Error! E1 Nick Daigle to second 0-0: Ball 1-0: Ball 2-0: Called Strike 2-1: 2-RUN HOME RUN (Flyball, 9LD, EV 90.6 MPH), Distance : 348 ft
|
|
Batting: RHB Sam Callahan
|
0-0: Ball 1-0: Called Strike 1-1: Ball 2-1: Ball 3-1: Base on Balls
|
|
Batting: RHB Enrique Aguirre
|
0-0: Called Strike 0-1: Ball 1-1: Foul Ball, location: 2F 1-2: Ball 2-2: Foul Ball, location: 2F 2-2: Ball Sam Callahan is caught stealing 2nd base 2-4 3-2: Fly out, F8 (Flyball, 8RXD, EV 110.6 MPH)
|
|
Pitching: RHP Bobby Acevedo
|
|
|
Batting: RHB Chris Artz
|
0-0: Ball 1-0: Ball 2-0: Called Strike 2-1: Foul Ball, location: 2F 2-2: Ground out 6-3 (Groundball, 6, EV 95.0 MPH)
|
| Top of the 3rd over - 2 runs, 1 hit, 1 error, 0 left on base; Kingsport 3 - Philadelphia (APP) 1 |
| BOTTOM OF THE 3RD |
|
Philadelphia (APP) Phillies batting - Pitching for Kingsport Mets : RHP Sandro Fibonacci
|
|
Batting: RHB Dave Gallegos
|
0-0: Swinging Strike 0-1: Ball 1-1: Swinging Strike 1-2: Ball 2-2: Ground out 5-3 (Groundball, 56, EV 81.9 MPH)
|
|
Batting: SHB Brett St. Clair
|
0-0: Ball 1-0: Foul Ball, location: 2F 1-1: Called Strike 1-2: Ball 2-2: Foul Ball, location: 2F 2-2: SINGLE (Line Drive, 7S, EV 97.5 MPH)
|
|
Batting: LHB Travis Hahn
|
0-0: Ball 1-0: SINGLE (Line Drive, 78M, EV 89.4 MPH) Brett St. Clair to second
|
|
Batting: RHB Juan Valadez
|
0-0: Ball 1-0: Called Strike 1-1: Ball 2-1: Fly out, F7 (Flyball, 78M, EV 86.2 MPH)
|
|
Batting: RHB Zach Slot
|
0-0: Ball 1-0: Ball 2-0: Ball 3-0: Base on Balls Brett St. Clair to third Travis Hahn to second
|
|
Batting: RHB Joel Gomez
|
0-0: Ball 1-0: Ball 2-0: Ball 3-0: Base on Balls Brett St. Clair scores Travis Hahn to third Zach Slot to second
|
|
Batting: RHB Allen Deschamps
|
0-0: Fly out, F8 (Flyball, 8LM, EV 90.0 MPH)
|
| Bottom of the 3rd over - 1 run, 2 hits, 0 errors, 3 left on base; Kingsport 3 - Philadelphia (APP) 2 |
| TOP OF THE 4TH |
|
Kingsport Mets batting - Pitching for Philadelphia (APP) Phillies : RHP Bobby Acevedo
|
|
Batting: SHB Adonis Jones
|
0-0: Ball 1-0: Ball 2-0: Foul Ball, location: 2F 2-1: SOLO HOME RUN (Flyball, 9D, EV 102.5 MPH), Distance : 380 ft
|
|
Batting: RHB Chris Graham
|
0-0: Ball 1-0: Called Strike 1-1: SINGLE (Groundball, 25, EV 63.8 MPH) (infield hit)
|
|
Batting: RHB Michael Youngberry
|
0-0: Called Strike 0-1: Ball 1-1: Ball 2-1: SINGLE (Groundball, 4MD, EV 101.2 MPH) Chris Graham to second Runner from 2nd tries for 3rd, SAFE, throw by CF made to third
|
|
Batting: RHB Artyom Shavkunov
|
0-0: Grounds into double play, 6-4-3 (Groundball, 6, EV 78.8 MPH) Chris Graham scores
|
|
Batting: SHB Nick Daigle
|
0-0: Ball 1-0: Called Strike 1-1: Swinging Strike 1-2: Ball 2-2: Ball 3-2: Base on Balls
|
|
Pitching: RHP Hugo Rodriguez
|
|
|
Batting: RHB Bill Crogan
|
0-0: Ball 1-0: Ball 2-0: Ball 3-0: Base on Balls Nick Daigle to second
|
|
Batting: RHB Sam Callahan
|
0-0: SINGLE (Flyball, 9LS, EV 89.4 MPH) Nick Daigle to third Bill Crogan to second Runner from 3rd tries for Home, SAFE, throw by RF to home
|
|
Batting: RHB Enrique Aguirre
|
0-0: Fly out, F8 (Flyball, 8LD, EV 95.6 MPH)
|
| Top of the 4th over - 3 runs, 4 hits, 0 errors, 2 left on base; Kingsport 6 - Philadelphia (APP) 2 |
| BOTTOM OF THE 4TH |
|
Philadelphia (APP) Phillies batting - Pitching for Kingsport Mets : RHP Sandro Fibonacci
|
|
Batting: RHB Miguel Vazquez
|
0-0: Foul Ball, location: 2F 0-1: Ball 1-1: Foul Ball, location: 2F 1-2: Strikes out looking
|
|
Batting: LHB Jonathan Roman
|
0-0: Ball 1-0: Fly out, F9 (Flyball, 9D, EV 97.5 MPH)
|
|
Batting: RHB Dave Gallegos
|
0-0: Ground out U3 (Groundball, 34S, EV 65.6 MPH)
|
| Bottom of the 4th over - 0 runs, 0 hits, 0 errors, 0 left on base; Kingsport 6 - Philadelphia (APP) 2 |
| TOP OF THE 5TH |
|
Kingsport Mets batting - Pitching for Philadelphia (APP) Phillies : RHP Hugo Rodriguez
|
|
Batting: RHB Chris Artz
|
0-0: Ball 1-0: Ball 2-0: Ball 3-0: Base on Balls
|
|
Batting: SHB Adonis Jones
|
0-0: Ball 1-0: Called Strike 1-1: Foul Ball, location: 2F 1-2: Ball 2-2: Ball 3-2: Foul Ball, location: 2F 3-2: Foul Ball, location: 2F 3-2: 2-RUN HOME RUN (Flyball, 7D, EV 108.8 MPH), Distance : 405 ft
|
|
Pitching: RHP Tim Starks
|
|
|
Batting: RHB Chris Graham
|
0-0: Ball 1-0: Called Strike 1-1: Ball 2-1: Called Strike 2-2: Ball 3-2: Foul Ball, location: 2F 3-2: Strikes out swinging
|
|
Batting: RHB Michael Youngberry
|
0-0: SINGLE (Line Drive, 8LS, EV 100.6 MPH)
|
|
Batting: RHB Artyom Shavkunov
|
0-0: Ball 1-0: Ball 2-0: SINGLE (Line Drive, 8RS, EV 98.8 MPH) Michael Youngberry to second Runner from 2nd tries for 3rd, SAFE, throw by CF made to third
|
|
Batting: SHB Nick Daigle
|
0-0: TRIPLE (Line Drive, 89XD, EV 105.0 MPH) Michael Youngberry scores Artyom Shavkunov scores
|
|
Batting: RHB Bill Crogan
|
0-0: Foul Ball, location: 2F 0-1: Ball 1-1: Ball 2-1: Swinging Strike 2-2: Foul Ball, location: 2F 2-2: Ball 3-2: Base on Balls
|
|
Pitching: LHP Ray Paul
|
|
|
Batting: RHB Sam Callahan
|
0-0: Ball 1-0: Ball 2-0: Called Strike 2-1: Ball 3-1: Base on Balls Bill Crogan to second
|
|
Batting: RHB Enrique Aguirre
|
0-0: Swinging Strike 0-1: Ball 1-1: Ball 2-1: Ball 3-1: Base on Balls Nick Daigle scores Bill Crogan to third Sam Callahan to second
|
|
Batting: RHB Chris Artz
|
0-0: Ball 1-0: Foul Ball, location: 2F 1-1: Ball 2-1: Ball 3-1: Base on Balls Bill Crogan scores Sam Callahan to third Enrique Aguirre to second
|
|
Batting: SHB Adonis Jones
|
0-0: Ball 1-0: Foul Ball, location: 2F 1-1: Ball 2-1: Ball 3-1: GRAND SLAM HOME RUN (Flyball, 7LD, EV 93.8 MPH), Distance : 352 ft
|
|
Pitching: RHP Victor Estrada
|
|
|
Batting: RHB Chris Graham
|
0-0: Foul Ball, location: 2F 0-1: Ground out 6-3 (Groundball, 56, EV 87.5 MPH)
|
|
Batting: RHB Michael Youngberry
|
0-0: Called Strike 0-1: Ball 1-1: Ball 2-1: Ball 3-1: Foul Ball, location: 2F 3-2: Strikes out swinging
|
| Top of the 5th over - 10 runs, 5 hits, 0 errors, 0 left on base; Kingsport 16 - Philadelphia (APP) 2 |
| BOTTOM OF THE 5TH |
|
Philadelphia (APP) Phillies batting - Pitching for Kingsport Mets : RHP Sandro Fibonacci
|
|
Batting: SHB Brett St. Clair
|
0-0: Ball 1-0: Called Strike 1-1: Ground out 6-3 (Groundball, 6, EV 107.5 MPH)
|
|
Batting: LHB Travis Hahn
|
0-0: Ball 1-0: Called Strike 1-1: Ball 2-1: Ball 3-1: Base on Balls
|
|
Batting: RHB Juan Valadez
|
0-0: Ball 1-0: Ball 2-0: Ball 3-0: Base on Balls Travis Hahn to second
|
|
Batting: RHB Zach Slot
|
0-0: Ball 1-0: Swinging Strike 1-1: Ball 2-1: Foul Ball, location: 2F 2-2: SINGLE (Groundball, 6M, EV 97.5 MPH) (infield hit) Travis Hahn to third Juan Valadez to second
|
|
Batting: RHB Joel Gomez
|
0-0: Ball 1-0: Called Strike 1-1: Grounds into double play, 6-4-3 (Groundball, 6, EV 101.2 MPH)
|
| Bottom of the 5th over - 0 runs, 1 hit, 0 errors, 2 left on base; Kingsport 16 - Philadelphia (APP) 2 |
| TOP OF THE 6TH |
|
Kingsport Mets batting - Pitching for Philadelphia (APP) Phillies : RHP Victor Estrada
|
|
Batting: RHB Artyom Shavkunov
|
0-0: Ball 1-0: Foul Ball, location: 2F 1-1: Called Strike 1-2: Ball 2-2: Ball 3-2: Fly out, F8 (Flyball, 8LD, EV 101.9 MPH)
|
|
Batting: SHB Nick Daigle
|
0-0: Ball 1-0: Ball 2-0: Swinging Strike 2-1: Ball 3-1: Called Strike 3-2: Base on Balls
|
|
Batting: RHB Bill Crogan
|
0-0: Ball 1-0: Ball Wild Pitch! Nick Daigle to second 2-0: Ball 3-0: Base on Balls
|
|
Batting: RHB Sam Callahan
|
0-0: Ball 1-0: Ball Wild Pitch! Nick Daigle to third Bill Crogan to second 2-0: Ball 3-0: Base on Balls
|
|
Batting: RHB Enrique Aguirre
|
0-0: Called Strike 0-1: Foul Ball, location: 2F 0-2: Ball 1-2: Strikes out swinging
|
|
Batting: RHB Chris Artz
|
0-0: Ball 1-0: DOUBLE (Flyball, 9LD, EV 95.6 MPH) Nick Daigle scores Bill Crogan scores Sam Callahan to third
|
|
Batting: SHB Adonis Jones
|
0-0: Called Strike 0-1: Ball Wild Pitch! Sam Callahan scores Chris Artz to third 1-1: Ground out 4-3 (Groundball, 34, EV 86.2 MPH)
|
| Top of the 6th over - 3 runs, 1 hit, 0 errors, 1 left on base; Kingsport 19 - Philadelphia (APP) 2 |
| BOTTOM OF THE 6TH |
|
Philadelphia (APP) Phillies batting - Pitching for Kingsport Mets : RHP Sandro Fibonacci
|
|
Batting: RHB Allen Deschamps
|
0-0: Ball 1-0: Foul Ball, location: 2F 1-1: Ball 2-1: Ball 3-1: Swinging Strike 3-2: Base on Balls
|
|
Pitching: LHP Mike Mathews
|
|
|
Batting: RHB Miguel Vazquez
|
0-0: Ball 1-0: Ball 2-0: Called Strike 2-1: Called Strike 2-2: Ball 3-2: Foul Ball, location: 2F 3-2: Base on Balls Allen Deschamps to second
|
|
Batting: LHB Jonathan Roman
|
0-0: Ball 1-0: Ball 2-0: Foul Ball, location: 2F 2-1: Swinging Strike 2-2: Strikes out looking
|
|
Batting: RHB Dave Gallegos
|
0-0: Fly out, F7 (Flyball, 7LS, EV 86.2 MPH)
|
|
Batting: SHB Brett St. Clair
|
0-0: Ball 1-0: Foul Ball, location: 2F 1-1: Ball 2-1: Fly out, F7 (Line Drive, 7S, EV 94.4 MPH)
|
| Bottom of the 6th over - 0 runs, 0 hits, 0 errors, 2 left on base; Kingsport 19 - Philadelphia (APP) 2 |
| TOP OF THE 7TH |
|
Kingsport Mets batting - Pitching for Philadelphia (APP) Phillies : RHP Victor Estrada
|
|
Batting: RHB Chris Graham
|
0-0: Ball 1-0: Foul Ball, location: 2F 1-1: Ball 2-1: Ball 3-1: Foul Ball, location: 2F 3-2: Foul Ball, location: 2F 3-2: Strikes out swinging
|
|
Pitching: RHP Alexis Graciani
|
|
|
Batting: RHB Michael Youngberry
|
0-0: Called Strike 0-1: Swinging Strike 0-2: Strikes out looking
|
|
Batting: RHB Artyom Shavkunov
|
0-0: Swinging Strike 0-1: Foul Ball, location: 2F 0-2: Foul Ball, location: 2F 0-2: Ball 1-2: Fly out, F8 (Flyball, 8RM, EV 85.0 MPH)
|
| Top of the 7th over - 0 runs, 0 hits, 0 errors, 0 left on base; Kingsport 19 - Philadelphia (APP) 2 |
| BOTTOM OF THE 7TH |
|
Philadelphia (APP) Phillies batting - Pitching for Kingsport Mets : LHP Mike Mathews
|
|
Batting: LHB Jesse Haught
|
0-0: Called Strike 0-1: Ball 1-1: Swinging Strike 1-2: Foul Ball, location: 2F 1-2: Ball 2-2: Reached on error, E6 (Groundball, 6MD, EV 103.8 MPH)
|
|
Pitching: LHP Antonio Davila
|
|
|
Batting: RHB Juan Valadez
|
0-0: Ball Wild Pitch! Jesse Haught to second 1-0: Foul Ball, location: 2F 1-1: Ground out 6-3 (Groundball, 6MD, EV 106.2 MPH) Jesse Haught to third
|
|
Batting: RHB Zach Slot
|
0-0: Ball 1-0: Ball 2-0: Called Strike 2-1: DOUBLE (Groundball, 5L, EV 108.1 MPH) Jesse Haught scores
|
|
Batting: RHB Joel Gomez
|
0-0: Ball 1-0: Ball 2-0: Called Strike 2-1: Ball 3-1: Called Strike 3-2: Foul Ball, location: 2F 3-2: Foul Ball, location: 2F 3-2: Foul Ball, location: 2F 3-2: Foul Ball, location: 2F 3-2: Foul Ball, location: 2F 3-2: Foul Ball, location: 2F 3-2: Fly out, F9 (Flyball, 9D, EV 95.0 MPH)
|
|
Batting: RHB Allen Deschamps
|
0-0: Ball 1-0: Ball 2-0: Called Strike 2-1: Ball 3-1: Base on Balls
|
|
Batting: RHB Miguel Vazquez
|
0-0: Called Strike 0-1: Foul Ball, location: 2F 0-2: Ball 1-2: Foul Ball, location: 2F 1-2: Foul Ball, location: 2F 1-2: Ball 2-2: Ball 3-2: Foul Ball, location: 2F 3-2: SINGLE (Line Drive, 9S, EV 90.0 MPH) Zach Slot to third Allen Deschamps to second Zach Slot scores Allen Deschamps to third
|
|
Pitching: RHP Jose Herrera
|
|
|
Batting: LHB Jonathan Roman
|
0-0: Foul Ball, location: 2F 0-1: Ball 1-1: Ball 2-1: Called Strike 2-2: Foul Ball, location: 2F 2-2: Ball 3-2: SINGLE (Groundball, 6S, EV 72.5 MPH) (infield hit) Allen Deschamps scores Miguel Vazquez to second
|
|
Batting: RHB Dave Gallegos
|
0-0: Called Strike 0-1: Called Strike 0-2: Foul Ball, location: 2F 0-2: Ball 1-2: Strikes out looking
|
| Bottom of the 7th over - 3 runs, 3 hits, 1 error, 2 left on base; Kingsport 19 - Philadelphia (APP) 5 |
| TOP OF THE 8TH |
|
Kingsport Mets batting - Pitching for Philadelphia (APP) Phillies : RHP Alexis Graciani
|
|
Batting: SHB Nick Daigle
|
0-0: Called Strike 0-1: Foul Ball, location: 2F 0-2: Ball 1-2: Ball 2-2: Ball 3-2: SINGLE (Flyball, 5D, EV 88.1 MPH)
|
|
Pinch Hitting: RHB Danny Runberg
|
0-0: Ball 1-0: Called Strike 1-1: Foul Ball, location: 2F 1-2: Ball 2-2: Strikes out swinging
|
|
Pinch Hitting: LHB Jason Jones
|
0-0: Ball 1-0: Called Strike 1-1: Ball 2-1: Ball 3-1: Base on Balls Nick Daigle to second
|
|
Batting: RHB Enrique Aguirre
|
0-0: Ball 1-0: Swinging Strike 1-1: SINGLE (Groundball, 4M, EV 101.9 MPH) (infield hit) Nick Daigle to third Jason Jones to second
|
|
Batting: RHB Chris Artz
|
0-0: Grounds into double play, 6-4-3 (Groundball, 6, EV 83.8 MPH)
|
| Top of the 8th over - 0 runs, 2 hits, 0 errors, 2 left on base; Kingsport 19 - Philadelphia (APP) 5 |
| BOTTOM OF THE 8TH |
|
Philadelphia (APP) Phillies batting - Pitching for Kingsport Mets : RHP Jose Herrera
|
|
Now at 1B: Danny Runberg
|
|
|
Now at 3B: Jason Jones
|
|
|
Now in LF: Chris Artz
|
|
|
Batting: SHB Brett St. Clair
|
0-0: Swinging Strike 0-1: Ball 1-1: Called Strike 1-2: Strikes out swinging
|
|
Batting: LHB Jesse Haught
|
0-0: Called Strike 0-1: Foul Ball, location: 2F 0-2: Strikes out looking
|
|
Pitching: RHP Justin Williams
|
|
|
Batting: RHB Juan Valadez
|
0-0: Called Strike 0-1: Called Strike 0-2: Strikes out looking
|
| Bottom of the 8th over - 0 runs, 0 hits, 0 errors, 0 left on base; Kingsport 19 - Philadelphia (APP) 5 |
| TOP OF THE 9TH |
|
Kingsport Mets batting - Pitching for Philadelphia (APP) Phillies : RHP Alexis Graciani
|
|
Batting: SHB Adonis Jones
|
0-0: Called Strike 0-1: Ball 1-1: Ball 2-1: Ball 3-1: Base on Balls
|
|
Batting: RHB Chris Graham
|
0-0: Fly out, F8 (Flyball, 8LM, EV 82.5 MPH)
|
|
Batting: RHB Michael Youngberry
|
0-0: Fielders Choice at 2nd, 1-6 (Groundball, 13S, EV 70.0 MPH)
|
|
Batting: RHB Artyom Shavkunov
|
0-0: Called Strike 0-1: SINGLE (Line Drive, 8LS, EV 93.8 MPH) Michael Youngberry to second
|
|
Batting: SHB Nick Daigle
|
0-0: Ball 1-0: Ball 2-0: Ball 3-0: Called Strike 3-1: Foul Ball, location: 2F 3-2: Base on Balls Michael Youngberry to third Artyom Shavkunov to second
|
|
Pitching: RHP Dave Gomez
|
|
|
Batting: RHB Danny Runberg
|
0-0: Ball 1-0: Swinging Strike 1-1: Called Strike 1-2: GRAND SLAM HOME RUN (Flyball, 78XD, EV 98.8 MPH), Distance : 398 ft
|
|
Batting: LHB Jason Jones
|
0-0: Called Strike 0-1: Ball 1-1: Ground out 4-3 (Groundball, 4M, EV 84.4 MPH)
|
| Top of the 9th over - 4 runs, 2 hits, 0 errors, 0 left on base; Kingsport 23 - Philadelphia (APP) 5 |
| BOTTOM OF THE 9TH |
|
Philadelphia (APP) Phillies batting - Pitching for Kingsport Mets : RHP Justin Williams
|
|
Batting: RHB Zach Slot
|
0-0: Ball 1-0: Called Strike 1-1: Foul Ball, location: 2F 1-2: Strikes out swinging
|
|
Batting: RHB Joel Gomez
|
0-0: Ball 1-0: Swinging Strike 1-1: Fly out, F4 (Popup, 34S, EV 73.8 MPH)
|
|
Batting: RHB Allen Deschamps
|
0-0: Called Strike 0-1: Ball 1-1: Swinging Strike 1-2: Ball 2-2: Ball 3-2: Strikes out swinging
|
| Bottom of the 9th over - 0 runs, 0 hits, 0 errors, 0 left on base; Kingsport 23 - Philadelphia (APP) 5 |
|